 Dungeon Crawl Stone Soup version 0.30-a0-269-gf0224bf7b6 (webtiles) character file.

Game seed: 18270928105076461850

761 tbh1313 the Cutter (level 7, -19/41 HPs)
             Began as a Gargoyle Fighter on Oct 15, 2022.
             Was a Follower of Okawaru.
             Demolished by a two-headed ogre
             ... wielding a +0 giant club
              (27 damage)
             ... on level 5 of the Dungeon.
             The game lasted 00:09:08 (4425 turns).

tbh1313 the Cutter (Gargoyle Fighter)               Turns: 4425, Time: 00:09:09

Health: -19/41     AC: 13    Str: 19    XL:     7   Next: 80%
Magic:  5/7        EV: 11    Int:  9    God:    Okawaru [*.....]
Gold:   256        SH:  6    Dex: 11    Spells: 6/6 levels left

rFire   . . .      SeeInvis .    a - +2 short sword (elec)
rCold   . . .      Faith    .    c - +0 buckler
rNeg    + . .      Spirit   .    b - +0 scale mail
rPois   ∞          Reflect  .    (no helmet)
rElec   +          Harm     .    (no cloak)
rCorr   .          Rampage  .    (no gloves)
Will    .....                    (no boots)
Stlth   +.........               o - amulet of the acrobat
HPRegen 0.26/turn                (no ring)
MPRegen 0.10/turn                (no ring)

@: heroic
A: sickness immunity, AC +4, negative energy resistance 1, electricity
resistance, torment resistance 1, petrification resistance
a: Renounce Religion, Heroism


You were on level 5 of the Dungeon.
You worshipped Okawaru.
Okawaru was aware of your devotion.
You visited 2 branches of the dungeon, and saw 6 of its levels.

You collected 256 gold pieces.

Inventory:

Hand Weapons
 a - a +2 short sword of electrocution (weapon)
 p - a +0 rapier
 r - a +1 dagger of electrocution
Armour
 b - a +0 scale mail (worn)
 c - a +0 buckler (worn)
Jewellery
 o - an amulet of the acrobat (around neck)
Wands
 n - a wand of paralysis (4)
 q - a wand of iceblast (8)
Scrolls
 i - 2 scrolls of teleportation
 l - 2 scrolls of poison
Potions
 d - 3 potions of might
 e - a potion of berserk rage {unknown}
 f - 3 potions of attraction
 g - a potion of lignification {unknown}
 h - 2 potions of degeneration
 j - 5 potions of brilliance
 k - 2 potions of heal wounds {unknown}
 m - 3 potions of flight
 s - 5 potions of curing


   Skills:
 - Level 3.2(8.2) Fighting
 + Level 6.9(11.9) Short Blades
 - Level 2.0(7.0) Maces & Flails
 - Level 3.2(8.2) Armour
 - Level 5.0(10.0) Shields


You had 6 spell levels left.
You didn't know any spells.
Your spell library contained the following spells:

 Spells                   Type           Power      Damage    Failure   Level
 Beastly Appendage        Tmut           0%         N/A       78%         1
 Wereblood                Tmut           0%         N/A       89%         2
 Spider Form              Tmut/Pois      0%         N/A       98%         3


Dungeon Overview and Level Annotations

Branches:
Dungeon (5/15)             Temple (1/1) D:4

Altars:
Ashenzari
Cheibriados
Dithmenos
Elyvilon
Fedhas
Gozag
Hepliaklqana
Kikubaaqudgha
Nemelex Xobeh
Okawaru
Qazlal
Ru
Sif Muna
Uskayaw
Vehumet
Yredelemnul
Zin
The Shining One


Innate Abilities, Weirdness & Mutations

You are immune to sickness and miasma.
Your stone body is resilient. (AC +4)
You are immune to poison.
You resist negative energy. (rN+)
You are resistant to electric shocks. (rElec)
You are resistant to unholy torment.
You are immune to petrification.


Message History

No target in view!
You see here an iguana corpse.
u - a scroll of identify
As you read the scroll of identify, it crumbles to dust.
j - 4 potions of brilliance
As you read the scroll labelled DEELAXKUSI, it crumbles to dust.
You hear a loud clanging noise!
It was a scroll of noise.
You hear two shouts!
Something shouts, "Bolt, thou lumpish hasty-witted bootlicker!"
j - 5 potions of brilliance (gained 1)
You now have 256 gold pieces (gained 15).
A two-headed ogre comes into view.
It is wielding a +0 giant club and a +0 giant spiked club.
Found a scroll of noise.
Okay, then.
An ice beast comes into view.
You gain the combat prowess of a mighty hero.
You hit the two-headed ogre.
Lightning courses through the two-headed ogre!
The two-headed ogre is moderately wounded.
The two-headed ogre hits you with a +0 giant club!
The two-headed ogre barely misses you.
You hit the two-headed ogre.
The two-headed ogre is moderately wounded.
You hit the two-headed ogre.
The two-headed ogre is moderately wounded.
The white imp shouts, "Return whence thou came, thou grime-gilt boil-brained baggage!"
You hit the two-headed ogre.
The two-headed ogre is heavily wounded.
The two-headed ogre hits you with a +0 giant club.
You block the two-headed ogre's attack.
You hit the two-headed ogre.
The two-headed ogre is heavily wounded.
You hit the two-headed ogre.
The two-headed ogre is heavily wounded.
The two-headed ogre hits you with a +0 giant club!!
* * * LOW HITPOINT WARNING * * *
The two-headed ogre hits you with a +0 giant spiked club!!
Ouch! That really hurt!
You die...

....# #.# #.# #...# ..#
#.. ####†###+## ##..# +
#..##.. #?##.........
≈##.# ..
..5...#..##.##......
≈≈### ...
#....##..##.##...... ≈§
....#....#............##
....Y....#.###.######
#..O.....# #.# #.@....#
#.# #...>..####.#
####.###....# #.# #.####
#.# #.##### #.# #.....#
#.# #####.# #.# #.# #.#
#.#


You could see a two-headed ogre, an ice beast and a white imp.

Levels and vault maps discovered:
D:1:      sevenhm_arrival_forest_fort_small_3, layout_loops_corners,
          hellmonk_ecumenical_altar_lost_god
D:2:      layout_basic, minmay_misc_feat_nine_boxes
D:3:      layout_basic, kennysheep_boxes
D:4:      layout_basic, chequers_temple_overflow_statue_of_worship,
          minmay_temple_entry_glass, lightli_corner_chamber, uniq_eustachio
D:5:      layout_basic, minmay_misc_feat_iff, kennysheep_opposing_triangles
Temple:   nicolae_temple_bog_church

Notes
Turn   | Place    | Note
-------+----------+-------------------------------------------
     0 | D:1      | tbh1313 the Gargoyle Fighter began the quest for the Orb.
     0 | D:1      | Reached XP level 1. HP: 14/14 MP: 1/1
   235 | D:1      | Found a faded altar of an unknown god.
   243 | D:1      | Reached skill level 1 in Short Blades
   329 | D:1      | Reached XP level 2. HP: 19/19 MP: 2/2
  1133 | D:2      | Reached skill level 2 in Short Blades
  1142 | D:2      | Reached XP level 3. HP: 23/23 MP: 3/3
  1888 | D:3      | Reached XP level 4. HP: 28/28 MP: 4/4
  1892 | D:3      | Reached skill level 3 in Short Blades
  2363 | D:4      | Reached XP level 5. HP: 11/32 MP: 5/5
  2485 | D:4      | Noticed a steam dragon
  2503 | D:5      | Entered Level 5 of the Dungeon
  2637 | D:4      | Found a staircase to the Ecumenical Temple.
  2659 | Temple   | Entered the Ecumenical Temple
  2733 | Temple   | Became a worshipper of Warmaster Okawaru
  2814 | D:4      | Noticed Eustachio
  2825 | D:4      | Killed Eustachio
  2826 | D:4      | Reached skill level 4 in Short Blades
  2826 | D:4      | Reached skill level 5 in Shields
  2826 | D:4      | Reached XP level 6. HP: 32/37 MP: 6/6
  2853 | D:4      | Reached * piety under Okawaru
  2872 | D:4      | Reached skill level 5 in Short Blades
  3105 | D:4      | Found a white marble altar of Elyvilon.
  3105 | D:4      | Found a shadowy altar of Dithmenos.
  3230 | D:4      | Reached XP level 7. HP: 40/41 MP: 7/7
  3633 | D:4      | Reached skill level 6 in Short Blades
  4415 | D:5      | Noticed a two-headed ogre
  4425 | D:5      | Demolished by a two-headed ogre

Table legend: (Time is in decaauts)
 A = Elapsed time spent in this place.
 B = Non-inter-level travel time spent in this place.
 C = Inter-level travel time spent in this place.
 D = Time resting spent in this place.
 E = Time spent auto-exploring this place.
 F = Levels seen in this place.
 G = Mean time per level.
                   A        B        C        D        E       F      G
               +--------+--------+--------+--------+--------+-----+--------+
         Total |   4363 |   4224 |    139 |    445 |   3128 |   6 |  727.2 |
       Dungeon |   4256 |   4148 |    108 |    445 |   3068 |   5 |  851.2 |
        Temple |    106 |     75 |     31 |      0 |     60 |   1 |  106.0 |
               +--------+--------+--------+--------+--------+-----+--------+

Top non-repeatable levels by time:
     D:4: 1298 daAuts
     D:1: 966 daAuts
     D:2: 806 daAuts
     D:5: 631 daAuts
     D:3: 554 daAuts
  Temple: 106 daAuts

Table legend:
 A = Kills in this place as a percentage of kills in entire the game.
 B = Kills by you in this place as a percentage of kills by you in the entire game.
 C = Kills by friends in this place as a percentage of kills by friends in the entire game.
 D = Other kills in this place as a percentage of other kills in the entire game.
 E = Experience gained in this place as a percentage of experience gained in the entire game.
 F = Experience gained in this place divided by the number of levels of this place that you have seen.
                   A       B       C       D       E      F
               +-------+-------+-------+-------+-------+----------------------
         Total | 100.0 | 100.0 |   N/A | 100.0 | 100.0 | 181.3
       Dungeon | 100.0 | 100.0 |   N/A | 100.0 | 100.0 | 217.6
               +-------+-------+-------+-------+-------+----------------------

Action                   |  1- 3 |  4- 6 |  7- 9 || total
-------------------------+-------+-------+-------++-------
Melee: Short sword       |    88 |   170 |   113 ||   371
       Punch             |       |     1 |       ||     1
Invok: Heroism           |       |       |     1 ||     1
  Use: Scroll            |     2 |     6 |     2 ||    10
       Potion            |       |     1 |       ||     1
Armor: Scale mail        |    41 |    66 |    40 ||   147
Dodge: Dodged            |    54 |    80 |    55 ||   189
Block: Buckler           |       |    12 |    18 ||    30

Vanquished Creatures
  Eustachio (D:4)
  A centaur (D:5)
  An orc priest (D:5)
  A hound (D:4)
  4 orc wizards
  3 iguanas
  16 gnolls
  5 adders
  A white imp (D:5)
  An ufetubus (D:5)
  A worm (D:3)
  2 dart slugs (D:3)
  13 orcs
  8 ball pythons
  2 endoplasms
  A giant cockroach (D:1)
  5 goblins
  7 hobgoblins
  5 kobolds
  4 quokkas
  4 bats
  A frilled lizard (D:2)
  5 rats
92 creatures vanquished.

Vanquished Creatures (others)
  An orc wizard (D:4)
1 creature vanquished.

Grand Total: 93 creatures vanquished
